 Dungeon Crawl Stone Soup version 0.29.1-1-gd02db6906a (webtiles) character file.

Game seed: 16931424443752881102

18 Ijustatesigmund the Trooper (level 2, -1/20 HPs)
             Began as a Gargoyle Fighter on Sept 19, 2022.
             Slain by a worm (8 damage)
             ... on level 2 of the Dungeon.
             The game lasted 00:01:25 (873 turns).

Ijustatesigmund the Trooper (Gargoyle Fighter)       Turns: 873, Time: 00:01:27

Health: -1/20      AC: 11    Str: 19    XL:     2   Next: 66%
Magic:  2/2        EV:  9    Int:  8    God:
Gold:   63         SH:  4    Dex:  9    Spells: 1/1 levels left

rFire   . . .      SeeInvis .   a - +0 flail
rCold   . . .      Faith    .   c - +0 buckler
rNeg    + . .      Spirit   .   b - +0 scale mail
rPois   ∞          Reflect  .   (no helmet)
rElec   +          Harm     .   (no cloak)
rCorr   .          Rampage  .   i - +1 pair of gloves
Will    .....                   (no boots)
Stlth   ..........              (no amulet)
HPRegen 0.06/turn               (no ring)
MPRegen 0.08/turn               (no ring)

@: no status effects
A: sickness immunity, AC +2, negative energy resistance 1, electricity
resistance, torment resistance 1, petrification resistance
a: no special abilities


You were on level 2 of the Dungeon.
You visited 1 branch of the dungeon, and saw 2 of its levels.

You collected 63 gold pieces.

Inventory:

Hand Weapons
 a - a +0 flail (weapon)
Armour
 b - a +0 scale mail (worn)
 c - a +0 buckler (worn)
 i - a +1 pair of gloves (worn)
Scrolls
 e - a scroll of teleportation
 f - a scroll of poison
 k - 2 scrolls of identify {unknown}
 m - a scroll of magic mapping {unknown}
 n - a scroll of amnesia {unknown}
Potions
 d - a potion of might
 g - a potion of curing
 h - a potion of resistance {unknown}
 j - a potion of haste {unknown}
 l - a potion of degeneration {unknown}


   Skills:
 + Level 3.8 Fighting
 + Level 2.6 Maces & Flails
 - Level 3.2 Armour
 - Level 3.2 Shields


You had one spell level left.
You didn't know any spells.
Your spell library was empty.

Dungeon Overview and Level Annotations

Branches:
Dungeon (2/15)

Altars:

Shops:
D:1 !


Innate Abilities, Weirdness & Mutations

You are immune to sickness and miasma.
Your stone body is resilient. (AC +2)
You are immune to poison.
You resist negative energy. (rN+)
You are resistant to electric shocks. (rElec)
You are resistant to unholy torment.
You are immune to petrification.


Message History

The jackal closely misses you. x2
A quokka comes into view.
A kobold comes into view. It is wielding a +0 whip.
The worm barely misses you. The worm closely misses you.
The jackal completely misses you. You block the jackal's attack.
The jackal bites you but does no damage.
You barely miss the jackal.
The jackal bites you but does no damage. x3
You block the jackal's attack.
The jackal bites you but does no damage.
The jackal closely misses you. The jackal barely misses you.
You miss the jackal.
The jackal bites you but does no damage. x4
The worm bites you!
* * * LOW HITPOINT WARNING * * *
The jackal barely misses you.
The jackal bites you but does no damage.
The jackal attacks as you move away! The jackal barely misses you.
The jackal attacks as you move away! You block the jackal's attack. x2
The jackal misses you. The jackal barely misses you.
It was a potion of curing.
You feel better.
The jackal bites you but does no damage.
The jackal bites you. x2
A kobold comes into view. It is wielding a +0 dagger.
The jackal attacks as you move away! You block the jackal's attack.
The jackal bites you but does no damage. x3
Found a stone staircase leading down.
The jackal closely misses you. The worm closely misses you.
The jackal attacks as you move away! The jackal barely misses you.
The jackal attacks as you move away! The jackal barely misses you.
The jackal attacks as you move away!
The jackal bites you but does no damage.
The jackal closely misses you.
You hit the kobold.
You kill the kobold!
The jackal bites you but does no damage.
The jackal closely misses you.
The jackal bites you but does no damage.
The worm bites you!
You die...

##..=.....## .#
#..........##... .#
#............... .#
##............... .#
##.......)...=.... .#
#................. .#
#.................
.######........hh.......
.............†hh@<......
#####.........rw........
..####)........w........
#...#...................
###.#..)................
#.......[.............>.
#.#..##.................
#....##.................
####.................


You could see 2 worms, a quokka and 4 jackals.

Vanquished Creatures
  2 ball pythons (D:2)
  2 giant cockroaches
  A goblin (D:2)
  3 hobgoblins
  A frilled lizard (D:1)
  5 kobolds
  5 rats
19 creatures vanquished.

Notes
Turn   | Place    | Note
-------+----------+-------------------------------------------
     0 | D:1      | Ijustatesigmund the Gargoyle Fighter began the quest for
                  | the Orb.
     0 | D:1      | Reached XP level 1. HP: 14/14 MP: 1/1
   387 | D:1      | Reached XP level 2. HP: 19/19 MP: 2/2
   556 | D:1      | Found Olibolu's Distillery.
   873 | D:2      | Slain by a worm

Illustrated notes

Levels and vault maps discovered:
D:1:      minmay_arrival_doors, layout_loops_ring, serial_shops, shop,
          st_stairs_10, hex_tiny
D:2:      layout_rooms

Action                   || total
-------------------------++-------
Melee: Flail             ||    53
  Use: Scroll            ||     2
       Potion            ||     1
Armor: Scale mail        ||    55
Dodge: Dodged            ||    40
Block: Buckler           ||    15
